 Dungeon Crawl Stone Soup version 0.30.1-11-g7821555f0a (webtiles) character file.

Game seed: 6151640683172090710

194547 Ijustatesigmund the Eclecticist (level 17, -9/135 HPs)
             Began as a Deep Elf Earth Elementalist on Dec 12, 2023.
             Was the Champion of Vehumet.
             Mangled by a vault warden
             ... wielding a +0 war axe
              (27 damage)
             ... on level 2 of the Vaults on Dec 13, 2023.
             The game lasted 02:31:20 (52581 turns).

Ijustatesigmund the Eclecticist (DEEE)             Turns: 52581, Time: 02:31:20

Health: -9/135     AC: 37    Str:  7    XL:     17   Next: 68%
Magic:  31/41      EV: 17    Int: 29    God:    Vehumet [******]
Gold:   3106       SH:  6    Dex: 15    Spells: 5/53 levels left

rFire   . . .        E - +8 rapier (heavy)
rCold   + . .        U - +1 buckler
rNeg    + . .        X - melded +0 robe {rC+ rF+}
rPois   ∞            T - +1 helmet
rElec   +            w - +1 cloak {rPois}
rCorr   .            u - melded +1 pair of gloves of Nocwy {Str+5 Int+3}
SInv    .            S - melded +2 pair of boots
Will    ++...        m - amulet of regeneration
Stlth   +++          y - +4 ring of protection
HPRegen 1.22/turn    J - ring of Toneecvo {rC+ Will+ Str+2}
MPRegen 0.27/turn

%: no passive effects
@: sluggish, statue-form, very slow
A: slow and powerful, torment resistance 1, boosted hp
}: 1/15 runes: barnacled
a: End Transformation, Renounce Religion


You were on level 2 of the Vaults.
You worshipped Vehumet.
Vehumet was exalted by your worship.
You were a living statue of rough stone.
You visited 7 branches of the dungeon, and saw 30 of its levels.
You also visited: Ossuary, Gauntlet and Ice Cave.

You collected 4453 gold pieces.
You spent 1347 gold pieces at shops.

Inventory:

Hand Weapons
 E - a +8 heavy rapier (weapon)
Armour
 p - a +2 cloak
 u - the +1 pair of gloves of Nocwy (melded) {Str+5 Int+3}
   (You found it in a Gauntlet)

   Str:       It affects your strength (+5).
   Int:       It affects your intelligence (+3).
 w - a +1 cloak of poison resistance (worn)
 S - a +2 pair of boots (melded)
 T - a +1 helmet (worn)
 U - a +1 buckler (worn)
 X - a +0 robe of resistance (melded)
Jewellery
 i - a ring of magical power
 m - an amulet of regeneration (around neck)
 n - the ring of Paranoia {rElec rPois rF+ Str+3 Dex-3}
   (You found it in a Gauntlet)

   [ring of protection from fire]

   Str:       It affects your strength (+3).
   Dex:       It affects your dexterity (-3).
   rF:        It protects you from fire.
   rElec:     It insulates you from electricity.
   rPois:     It protects you from poison.
 t - a ring of resist corrosion
 y - a +4 ring of protection (left fist)
 C - a ring of positive energy
 D - an amulet of reflection
 J - the ring of Toneecvo (right fist) {rC+ Will+ Str+2}
   (You found it in a Gauntlet)

   [ring of willpower]

   Str:       It affects your strength (+2).
   rC:        It protects you from cold.
   Will:      It increases your willpower.
 K - an amulet of the acrobat
 N - the ring "Veerruh" {Ice +Blink rPois Dex+2 Slay-3}
   (You took it off a minotaur in a Gauntlet)

   [ring of ice]

   It enhances your ice magic.
   Dex:       It affects your dexterity (+2).
   Slay:      It affects your accuracy & damage with ranged weapons and melee
   (-3).
   rF:        It makes you vulnerable to fire.
   rC:        It protects you from cold.
   rPois:     It protects you from poison.
   +Blink:    It lets you blink.
 O - a ring of wizardry
Wands
 l - a wand of flame (26)
 q - a wand of charming (7)
 P - a wand of mindburst (3)
 Q - a wand of iceblast (19)
 R - a wand of polymorph (8)
Scrolls
 x - 2 scrolls of poison
 B - 6 scrolls of amnesia
 F - 7 scrolls of fog
 H - 2 scrolls of silence
Potions
 e - 5 potions of resistance
 f - 3 potions of lignification
 g - 8 potions of brilliance
 j - 6 potions of haste
 k - 3 potions of mutation
 o - 4 potions of ambrosia
 r - 6 potions of might
 s - 9 potions of curing
 z - 2 potions of cancellation
 A - 3 potions of flight
 M - 2 potions of attraction


   Skills:
 - Level 11.1 Fighting
 - Level 5.4 Short Blades
 - Level 10.8 Dodging
 - Level 4.6 Stealth
 - Level 5.0 Shields
 + Level 18.9 Spellcasting
 + Level 16.4 Conjurations
 - Level 8.0 Necromancy
 - Level 6.8 Transmutations
 - Level 4.0 Air Magic
 - Level 15.5 Earth Magic
 + Level 5.2 Poison Magic
 - Level 5.6 Evocations


You had 5 spell levels left.
You knew the following spells:

 Your Spells              Type           Power      Damage    Failure   Level
a - Sandblast             Erth           100%       2d20      0%          1
b - Stone Arrow           Conj/Erth      100%       3d13      0%          3
c - Iron Shot             Conj/Erth      44%        9d9       1%          6
d - Irradiate             Conj/Tmut      38%        3d24      1%          5
e - Poisonous Vapours     Pois/Air       100%       N/A       1%          2
f - Ignite Poison         Fire/Tmut/Pois 50%        N/A       1%          3
g - Mephitic Cloud        Conj/Pois/Air  67%        N/A       1%          3
h - Olgreb's Toxic Radia  Pois           55%        N/A       1%          4
i - Statue Form           Tmut/Erth      50%        N/A       3%          6
j - Lehudib's Crystal Sp  Conj/Erth      44%        10d11     6%          8
k - Dispel Undead         Necr           65%        3d22      1%          4
l - Swiftness             Air            50%        N/A       1%          3

Your spell library contained the following spells:

 Spells                   Type           Power      Damage    Failure   Level
 Eringya's Noxious Bog    Tmut/Pois      29%        N/A       8%          6
 Kiss of Death            Conj/Necr      100%       2d13      0%          1
 Magic Dart               Conj           100%       1d8       0%          1
 Searing Ray              Conj           100%       2d8       0%          2
 Necrotise                Necr           100%       1d9       1%          1
 Shock                    Conj/Air       100%       1d9       1%          1
 Sting                    Tmut/Pois      100%       1d8       1%          1
 Cigotuvi's Dreadful Rot  Necr/Pois/Air  100%       N/A       1%          2
 Passwall                 Tmut/Erth      62%        N/A       1%          2
 Sublimation of Blood     Necr           65%        N/A       1%          2
 Wereblood                Tmut           61%        N/A       1%          2
 Frozen Ramparts          Ice            54%        1d9       1%          3
 Spider Form              Tmut/Pois      58%        N/A       1%          3
 Vampiric Draining        Necr           65%        2d10      1%          3
 Airstrike                Air            25%        2d(4-20)  1%          4
 Animate Armour           Summ/Erth      100%       N/A       1%          4
 Fulminant Prism          Conj/Hex       33%        3d16      1%          4
 Leda's Liquefaction      Hex/Erth       32%        N/A       1%          4
 Petrify                  Tmut/Erth      75%        N/A       1%          4
 Sticky Flame             Conj/Fire      66%        2d8       1%          4
 Freezing Cloud           Conj/Ice/Air   30%        6-21      1%          5
 Iskenderun's Battlesphe  Conj           89%        2d14      1%          5
 Lee's Rapid Deconstruct  Erth           43%        3d21*     1%          5
 Apportation              Tloc           54%        N/A       2%          1
 Slow                     Hex            100%       N/A       2%          1
 Summon Small Mammal      Summ           100%       N/A       2%          1
 Ensorcelled Hibernation  Hex/Ice        54%        N/A       3%          2
 Anguish                  Hex/Necr       25%        N/A       4%          4
 Ice Form                 Ice/Tmut       47%        N/A       5%          4
 Confusing Touch          Hex            27%        N/A       7%          3
 Manifold Assault         Tloc           27%        N/A       22%         4
 Summon Ice Beast         Ice/Summ       27%        N/A       22%         4
 Metabolic Englaciation   Hex/Ice        13%        N/A       54%         5
 Summon Forest            Summ/Tloc      13%        N/A       54%         5
 Summon Mana Viper        Hex/Summ       27%        N/A       54%         5
 Conjure Ball Lightning   Conj/Air       36%        3x3d12    1%          6
 Death Channel            Necr           32%        N/A       13%         6
 Simulacrum               Ice/Necr       25%        N/A       54%         6
 Dispersal                Tloc           13%        N/A       98%         6
 Summon Cactus Giant      Summ           13%        N/A       98%         6
 Ozocubu's Refrigeration  Ice            13%        4d10      98%         7
 Summon Hydra             Summ           13%        N/A       100%        7
 Discord                  Hex            13%        N/A       100%        8
 Disjunction              Tloc           13%        N/A       100%        8
 Ignition                 Fire           13%        3d6       100%        8
 Chain Lightning          Conj/Air       36%        3d48      100%        9
 Polar Vortex             Ice            13%        N/A       100%        9


Dungeon Overview and Level Annotations

Branches:
Dungeon (15/15)            Temple (1/1) D:5            Lair (5/5) D:10
 Shoals (4/4) Lair:2        Snake (1/4) Lair:3        Slime (0/5) Lair:5
    Orc (2/2) D:9             Elf (0/3) Orc:2        Vaults (1/5) D:14
 Depths (0/4) D:15        Ossuary (visited)           IceCv (visited)
Gauntlet (visited)

Altars:
Ashenzari
Cheibriados
Dithmenos
Elyvilon
Fedhas
Gozag
Hepliaklqana
Kikubaaqudgha
Makhleb
Nemelex Xobeh
Okawaru
Qazlal
Ru
Sif Muna
Trog
Uskayaw
Vehumet
Wu Jian
Xom
Yredelemnul
Zin
The Shining One
Jiyva
Lugonu

Shops:
D:2 (   D:12 *   D:13 [   D:14 *   Orc:1 ?   Orc:2 :[:(

Portals:
Abyss: Lair:5

Annotations:
D:6 3 runed translucent doors, raetorn's ghost, novice DsCj
Lair:1 exclusion: oklob plant
Lair:2 1 runed translucent door, raetorn's ghost, journeyman DsFE


Message History

You hear a shout! x2
Casting: Olgreb's Toxic Radiance (mildly dangerous; 1% risk of failure)
Confirm with . or Enter, or press ? or * to list all spells.
You ignite the poison in your surroundings!
The vault warden seems to burn from within!!
The vault warden is almost dead.
The ironbound convoker seems to burn from within!!
The ironbound convoker is severely wounded.
The ironbound convoker seems to burn from within!!!
You kill the ironbound convoker!
Vehumet accepts your kill.
Vehumet offers you knowledge of Eringya's Noxious Bog.
You feel your power returning.
The great orb of eyes seems to burn from within!
The great orb of eyes is almost dead.
The vault sentinel seems to burn from within!!
You kill the vault sentinel!
Vehumet accepts your kill.
The vault sentinel seems to burn from within!!
The vault sentinel is heavily wounded.
The vault warden is poisoned.
The deep troll is poisoned.
The ironbound convoker is poisoned.
You kill the great orb of eyes!
Vehumet accepts your kill.
You feel your power returning.
The vault sentinel is poisoned.
Your toxic aura wanes.
The vault warden hits you but does no damage.
Aiming: Charm
Press: ? - help, Shift-Dir - straight line, f - vault warden
Aim: a vault warden, wielding a +0 war axe, wearing a +0 chain mail and wearing a +0 kite shield (almost dead, strong, poisoned, covered in acid, chance to affect: 28%)
The vault warden easily resists.
The ironbound convoker is no longer covered in acid.
The ironbound convoker casts a spell at the deep troll.
The deep troll seems to grow stronger.
The vault sentinel blows a loud note on a signal horn!
The vault warden hits you with a +0 war axe!!
* * * LOW HITPOINT WARNING * * *
The ironbound convoker closely misses you.
The vault warden hits you with a +0 war axe!!
You die...

... ... ... ... ...
...#####################
............p)Tp8.......
..............)p........
###.....p#############..
..#....p.# ..#......#
..#......# ..#...T..#
..#......# ..#......+


You could see a vault warden (strong, poisoned, corroded), a deep troll (strong,
poisoned), a vault sentinel (poisoned) and an ironbound convoker (poisoned).

Vanquished Creatures
  Jorgrun (D:15)
  Rupert (D:14)
  Asterion (Vaults:2)
  A titan (Shoals:4)
  Roxanne (D:15)
  Ilsuiw (Shoals:2)
  An emperor scorpion (shapeshifter) (Lair:5)
  3 vault wardens (Vaults:1)
  An orc warlord (Vaults:1)
  3 ironbound preservers
  4 very ugly things
  2 ironbound thunderhulks (Vaults:1)
  Azrael (D:14)
  A minotaur (Gauntlet)
  A spark wasp (shapeshifter) (Vaults:1)
  Snorg (Lair:3)
  An ettin (Orc:2)
  7 merfolk javelineers
  2 yaktaur captains (Vaults:1)
  7 merfolk impalers
  4 great orbs of eyes
  6 vault guards
  3 merfolk avatars
  4 ironbound frosthearts (Vaults:1)
  An ogre mage (D:14)
  3 centaur warriors
  A catoblepas (shapeshifter) (Lair:5)
  3 hydras
  5 satyrs
  9 two-headed ogres
  A naga warrior (Snake:1)
  6 merfolk aquamancers (Shoals:4)
  2 boulder beetles
  A vampire mage (D:15)
  3 thrashing horrors (Lair:5)
  Nergalle (Orc:1)
  2 skeletal warriors (D:15)
  5 skysharks
  3 sixfirhies (Gauntlet)
  5 sea snakes
  2 deep trolls (Vaults:2)
  A golden dragon zombie (D:15)
  A wizard (Vaults:2)
  2 bog bodies (IceCv)
  6 lindwurms (Vaults:1)
  12 orc knights
  Pikel (D:6)
  A necromancer (D:15)
  3 ironbound convokers
  21 harpies
  An oklob plant (Lair:5)
  9 ugly things
  A deep elf pyromancer (D:13)
  A manticore (shapeshifter) (Lair:5)
  19 fauns
  14 manticores
  A salamander (Lair:1)
  A stone giant skeleton (D:15)
  4 cyclopes
  12 water nymphs
  An iron dragon skeleton (D:15)
  An ice statue (IceCv)
  5 merfolk sirens
  2 naga magi (Snake:1)
  2 vault sentinels
  14 elephants
  A smoke demon (Lair:5)
  12 cane toads
  2 unseen horrors
  14 black mambas
  3 rime drakes
  8 yaktaurs (Vaults:1)
  An ice devil (IceCv)
  14 komodo dragons
  3 ancient zymes (Lair:5)
  9 trolls
  11 merfolk
  2 polar bears
  A hornet (shapeshifter) (D:14)
  3 meliai (D:14)
  7 wind drakes
  2 hornets
  8 snapping turtles
  A tarantella (shapeshifter) (D:15)
  4 large abominations
  19 blink frogs
  A vampire (D:13)
  3 air elementals (Shoals:4)
  17 slime creatures
  A wyvern (Lair:2)
  2 ynoxinuls (Lair:5)
  A shadow (D:10)
  31 yaks
  A spriggan (Lair:5)
  6 fire elementals (D:14)
  17 water elementals
  3 wraiths
  8 basilisks
  3 death yak simulacra (IceCv)
  4 steam dragons
  A human (shapeshifter) (D:15)
  6 vampire mosquitoes (D:13)
  3 acid dragons
  A hydra simulacrum (IceCv)
  Edmund (D:5)
  2 harpy simulacra (IceCv)
  3 nagas (Snake:1)
  6 wargs
  A glowing shapeshifter zombie (D:15)
  12 water moccasins
  12 small abominations
  2 hell hounds (D:14)
  A water moccasin (shapeshifter) (D:13)
  3 ice beasts
  A black bear (shapeshifter) (Lair:5)
  4 black bears
  35 orc warriors
  6 ogres
  A centaur (D:10)
  4 lemures (D:7)
  A boggart (Vaults:1)
  A phantom (D:5)
  3 kobold brigands
  3 scorpions
  11 bullfrogs
  A wyvern zombie (D:7)
  2 cane toad simulacra (IceCv)
  A water moccasin zombie (D:7)
  4 gnoll sergeants
  8 two-headed ogre simulacra (IceCv)
  13 wights
  An elephant simulacrum (IceCv)
  9 killer bees
  6 howler monkeys
  An electric eel (Lair:1)
  3 hounds
  10 jellies
  Crazy Yiuf (D:3)
  2 gnoll boudas
  10 orc priests
  A sleepcap (D:5)
  Natasha (D:3)
  9 iguanas
  24 orc wizards
  5 troll simulacra (IceCv)
  3 spriggan simulacra (IceCv)
  A statue (D:10)
  2 polar bear simulacra (IceCv)
  4 wolf simulacra (IceCv)
  A mummy (D:5)
  20 gnolls
  8 naga simulacra (IceCv)
  5 adders
  2 white imps
  10 ufetubi
  2 adder zombies (Ossuary)
  A worm (D:4)
  3 dart slugs
  77 orcs
  7 bats
  21 endoplasms
  3 giant cockroaches (D:1)
  8 goblins
  7 hobgoblins
  2 jackals (D:1)
  20 kobolds
  3 quokkas
  7 ball pythons
  2 ball python skeletons (Ossuary)
  6 frilled lizards
  A goblin zombie (D:5)
  A hobgoblin skeleton (Ossuary)
  A kobold zombie (D:5)
  3 orc skeletons (Ossuary)
  7 rats
  A spectral weapon (Vaults:2)
945 creatures vanquished.

Vanquished Creatures (collateral kills)
  2 vault guards (D:14)
  A naga sharpshooter (Snake:1)
  A black mamba (Snake:1)
  A naga (Snake:1)
  An ogre (D:9)
  A kobold brigand (D:9)
  3 gnoll sergeants (D:9)
  2 orc priests
  2 gnolls (D:9)
  3 orcs
17 creatures vanquished.

Vanquished Creatures (others)
  2 vault guards (D:14)
  A deep troll (Vaults:1)
  3 orc warriors (D:9)
  A bullfrog (D:9)
  A gnoll sergeant (D:9)
  A killer bee (D:8)
  A gnoll bouda (D:5)
  An orc (D:5)
11 creatures vanquished.

Grand Total: 973 creatures vanquished

Notes
Turn   | Place    | Note
-------+----------+-------------------------------------------
     0 | D:1      | Ijustatesigmund the Deep Elf Earth Elementalist began the
                  | quest for the Orb.
     0 | D:1      | Reached XP level 1. HP: 10/10 MP: 6/6
   184 | D:1      | Reached XP level 2. HP: 16/16 MP: 2/8
   565 | D:1      | Reached skill level 1 in Fighting
   644 | D:1      | Found a faded altar of an unknown god.
   696 | D:1      | Reached XP level 3. HP: 20/20 MP: 7/10
   700 | D:1      | Learned a level 3 spell: Stone Arrow
  1268 | D:2      | Reached skill level 1 in Conjurations
  1305 | D:2      | Reached skill level 4 in Spellcasting
  1662 | D:2      | Found Yronuroxt's Antique Weapon Shoppe.
  1986 | D:3      | Reached XP level 4. HP: 25/25 MP: 10/12
  2362 | D:3      | Noticed Natasha
  2364 | D:3      | Killed Natasha
  2410 | D:3      | Found a runed translucent door.
  2411 | D:3      | Noticed Crazy Yiuf
  2440 | D:3      | Found an ancient bone altar of Kikubaaqudgha.
  3103 | D:4      | Reached XP level 5. HP: 29/29 MP: 7/13
  3419 | D:4      | Found a hazy altar of Hepliaklqana.
  3446 | D:4      | Found an iron altar of Okawaru.
  3513 | D:4      | Found a snail-covered altar of Cheibriados.
  3828 | D:5      | Entered Level 5 of the Dungeon
  3828 | D:5      | Noticed a phantom
  3833 | D:5      | Killed a phantom
  3834 | D:5      | Reached skill level 5 in Spellcasting
  3872 | D:5      | Identified a scroll of acquirement
  3872 | D:5      | Acquired Mivah's Vellum of the Virulent Fifth Circle
  3884 | D:5      | Reached XP level 6. HP: 34/34 MP: 11/15
  3908 | D:5      | Reached skill level 5 in Earth Magic
  3947 | D:5      | Found a sand-covered staircase.
  3953 | Ossuary  | Entered an ossuary
  4360 | Ossuary  | Noticed a flying skull
  4360 | Ossuary  | Noticed a wraith
  4370 | Ossuary  | Noticed a flying skull
  4371 | Ossuary  | Noticed a flying skull
  4377 | Ossuary  | Noticed a flying skull
  4394 | Ossuary  | Noticed a flying skull
  4406 | Ossuary  | Reached skill level 5 in Conjurations
  4406 | Ossuary  | Reached XP level 7. HP: 38/38 MP: 10/17
  4461 | Ossuary  | Noticed a wraith
  4464 | Ossuary  | Killed a wraith
  4465 | Ossuary  | Reached skill level 6 in Spellcasting
  4570 | Ossuary  | Noticed a wraith
  4573 | Ossuary  | Killed a wraith
  4741 | D:5      | Noticed Edmund
  4744 | D:5      | Killed Edmund
  4858 | D:5      | Reached XP level 8. HP: 43/43 MP: 5/20
  5143 | D:5      | Reached skill level 7 in Spellcasting
  5201 | D:5      | Found a staircase to the Ecumenical Temple.
  5210 | Temple   | Entered the Ecumenical Temple
  5864 | D:5      | Reached skill level 1 in Evocations
  6775 | D:3      | Killed Crazy Yiuf
  6928 | D:6      | Reached skill level 8 in Spellcasting
  7012 | D:6      | Reached XP level 9. HP: 44/48 MP: 0/23
  7673 | D:6      | You fall into a shaft and drop 3 floors!
  8146 | D:6      | Found a runed translucent gate.
  8147 | D:6      | Found a runed translucent gate.
  8147 | D:6      | Found a runed translucent gate.
  8151 | D:6      | Noticed raetorn's ghost (novice DsCj)
  8152 | D:6      | Identified the +4 plate armour of Hide-and-Seek {rPois}
  8380 | D:7      | Reached skill level 5 in Dodging
  8380 | D:7      | Reached skill level 9 in Spellcasting
  9022 | D:7      | Reached skill level 1 in Short Blades
  9140 | D:7      | Reached skill level 10 in Spellcasting
  9717 | D:7      | Noticed Pikel
  9743 | D:6      | Killed Pikel
  9744 | D:6      | Reached XP level 10. HP: 56/56 MP: 6/26
 10050 | D:6      | Learned a level 6 spell: Iron Shot
 10056 | D:6      | Learned a level 5 spell: Irradiate
 10387 | D:7      | Found a basalt altar of Yredelemnul.
 11235 | D:7      | Reached skill level 11 in Spellcasting
 11691 | D:8      | Identified the +3 trident of Ziulapu {freeze, Str+2}
 12173 | D:8      | Found a glowing golden altar of the Shining One.
 12183 | D:8      | Learned a level 2 spell: Poisonous Vapours
 12187 | D:8      | Learned a level 3 spell: Ignite Poison
 13088 | D:9      | Reached skill level 1 in Air Magic
 13518 | D:9      | Noticed a two-headed ogre
 13542 | D:9      | Killed a two-headed ogre
 13780 | D:9      | Found a staircase to the Orcish Mines.
 13890 | D:9      | Reached XP level 11. HP: 60/60 MP: 22/28
 13891 | D:9      | Reached skill level 1 in Poison Magic
 14368 | D:10     | Entered Level 10 of the Dungeon
 14400 | D:10     | Found a blossoming altar of Fedhas.
 14400 | D:10     | Noticed a two-headed ogre
 14404 | D:10     | Killed a two-headed ogre
 14405 | D:10     | Reached skill level 12 in Spellcasting
 14489 | D:10     | Found a staircase to the Lair.
 14491 | D:10     | Found an ornate altar of the Wu Jian Council.
 14721 | D:10     | Found a radiant altar of Vehumet.
 14737 | D:10     | Became a worshipper of Vehumet
 14768 | D:10     | Reached skill level 5 in Transmutations
 16324 | D:11     | Noticed a white ugly thing
 16330 | D:11     | Killed a white ugly thing
 17483 | D:12     | Noticed a boulder beetle
 17492 | D:12     | Killed a boulder beetle
 17854 | D:12     | Found Cubia's Assorted Antiques.
 17862 | D:12     | Bought a scroll labelled HEUSTR SUODOIQA for 39 gold pieces
 17926 | D:12     | Reached skill level 10 in Conjurations
 18169 | D:12     | Found a sacrificial altar of Ru.
 18668 | D:13     | Found a gate leading to a gauntlet.
 18677 | Gauntlet | Entered a Gauntlet
 18677 | Gauntlet | Noticed a sixfirhy
 18677 | Gauntlet | Found a large runed translucent door.
 18677 | Gauntlet | Found a large runed translucent door.
 18677 | Gauntlet | Found a large runed translucent door.
 18677 | Gauntlet | Found a large runed translucent door.
 18677 | Gauntlet | Found a runed translucent door.
 18677 | Gauntlet | Found a large runed translucent door.
 18677 | Gauntlet | Found a large runed translucent door.
 18677 | Gauntlet | Found a transporter.
 18677 | Gauntlet | Found a transporter.
 18677 | Gauntlet | Found a large runed translucent door.
 18677 | Gauntlet | Found a large runed translucent door.
 18677 | Gauntlet | Found a runed translucent gate.
 18677 | Gauntlet | Found a runed translucent gate.
 18677 | Gauntlet | Found a transporter.
 18677 | Gauntlet | Found a transporter.
 18678 | Gauntlet | Found a runed translucent door.
 18678 | Gauntlet | Found a runed translucent gate.
 18682 | Gauntlet | Found a transporter.
 18692 | Gauntlet | Found a large runed translucent door.
 18692 | Gauntlet | Found a large runed translucent door.
 18692 | Gauntlet | Found a large runed translucent door.
 18692 | Gauntlet | Found a large runed translucent door.
 18693 | Gauntlet | Found a large runed translucent door.
 18693 | Gauntlet | Found a large runed translucent door.
 18694 | Gauntlet | Found a large runed translucent door.
 18694 | Gauntlet | Found a large runed translucent door.
 18721 | Gauntlet | Killed a sixfirhy
 18721 | Gauntlet | Reached * piety under Vehumet
 18721 | Gauntlet | Offered knowledge of Foxfire by Vehumet.
 18732 | Gauntlet | Identified the ring of Toneecvo {rC+ Will+ Str+2}
 18733 | Gauntlet | Noticed a large abomination
 18769 | Gauntlet | Reached XP level 12. HP: 46/67 MP: 12/30
 18786 | Gauntlet | Found a transporter.
 18792 | Gauntlet | Found a transporter.
 18796 | Gauntlet | Noticed an eight-headed hydra
 18865 | Gauntlet | Reached skill level 10 in Earth Magic
 18924 | Gauntlet | Identified the ring of Paranoia {rElec rPois rF+ Str+3
                  | Dex-3}
 18927 | Gauntlet | Identified the +1 pair of gloves of Nocwy {Str+5 Int+3}
 18967 | Gauntlet | Found a transporter.
 18970 | Gauntlet | Reached skill level 5 in Fighting
 19002 | Gauntlet | Identified the amulet "Acoxkak" {Spirit Slay+3}
 19008 | Gauntlet | Found a transporter.
 19039 | Gauntlet | Identified the ring "Veerruh" {Ice +Blink rPois Dex+2
                  | Slay-3}
 19039 | Gauntlet | Noticed a minotaur
 19054 | Gauntlet | Killed a minotaur
 19168 | Gauntlet | Got the Parchment of Bolts
 20715 | D:13     | Noticed a seven-headed hydra
 20717 | D:13     | Killed a seven-headed hydra
 21044 | D:13     | Found Ewioje Zaes's Antique Armour Shoppe.
 21092 | D:13     | Bought a runed helmet for 292 gold pieces
 21686 | D:14     | Found a gate to the Vaults.
 21686 | D:14     | Noticed a vault guard
 21686 | D:14     | Noticed a vault guard
 21686 | D:14     | Noticed a vault guard
 21686 | D:14     | Noticed a vault guard
 21687 | D:14     | Noticed a vault guard
 21688 | D:14     | Noticed a vault guard
 21688 | D:14     | Noticed a vault guard
 21688 | D:14     | Noticed a vault guard
 21697 | D:14     | Killed a vault guard
 21699 | D:14     | Killed a vault guard
 21699 | D:14     | Killed a vault guard
 21700 | D:14     | Reached skill level 13 in Spellcasting
 21700 | D:14     | Killed a vault guard
 21713 | D:14     | Noticed Rupert
 22249 | D:14     | Found Poudwij's General Store.
 22279 | D:14     | Killed Rupert
 22282 | D:14     | Killed a vault guard
 22482 | D:14     | Reached XP level 13. HP: 74/74 MP: 13/32
 22890 | D:14     | Offered knowledge of Static Discharge by Vehumet.
 22897 | D:14     | Reached skill level 14 in Spellcasting
 22976 | D:14     | Reached ** piety under Vehumet
 23468 | Lair:1   | Entered Level 1 of the Lair of Beasts
 24601 | Lair:1   | Offered knowledge of Dazzling Flash by Vehumet.
 25595 | Lair:2   | Reached skill level 15 in Spellcasting
 25603 | Lair:2   | Learned a level 3 spell: Mephitic Cloud
 25622 | Lair:2   | Reached *** piety under Vehumet
 25665 | Lair:2   | Found a frozen archway.
 25687 | IceCv    | Entered an ice cave
 26170 | IceCv    | Offered knowledge of Frozen Ramparts by Vehumet.
 26554 | IceCv    | Reached **** piety under Vehumet
 26779 | IceCv    | Offered knowledge of Lee's Rapid Deconstruction by Vehumet.
 27495 | Lair:2   | Noticed raetorn's ghost (journeyman DsFE)
 27498 | Lair:2   | Found a runed translucent door.
 27869 | Lair:2   | Found a staircase to the Shoals.
 28209 | Lair:3   | Reached XP level 14. HP: 80/80 MP: 13/35
 28802 | Lair:3   | Found a staircase to the Snake Pit.
 28963 | Lair:3   | Acquired 733 gold pieces
 29126 | Lair:3   | Noticed Snorg
 29138 | Lair:3   | Killed Snorg
 29139 | Lair:3   | Reached skill level 16 in Spellcasting
 31425 | Lair:5   | Entered Level 5 of the Lair of Beasts
 32345 | Lair:5   | Found a staircase to the Slime Pits.
 32514 | Lair:5   | Found a viscous altar of Jiyva.
 32538 | Lair:5   | Reached skill level 15 in Conjurations
 32901 | Lair:5   | Reached ***** piety under Vehumet
 32901 | Lair:5   | Offered knowledge of Yara's Violent Unravelling by Vehumet.
 32902 | Lair:5   | Reached skill level 17 in Spellcasting
 34300 | Lair:5   | Noticed a quicksilver ooze
 34315 | Lair:5   | Noticed an emperor scorpion
 34320 | Lair:5   | Killed an emperor scorpion
 34321 | Lair:5   | Reached skill level 1 in Shields
 34596 | Lair:5   | Found a corrupted altar of Lugonu.
 34596 | Lair:5   | Found a one-way gate to the infinite horrors of the Abyss.
 34602 | Lair:5   | Identified the staff of cold "Jeyqesuq" {Contam +Blink
                  | rElec rC+}
 35227 | Orc:1    | Entered Level 1 of the Orcish Mines
 35227 | Orc:1    | Noticed Nergalle
 35529 | D:9      | Reached XP level 15. HP: 38/84 MP: 29/38
 35627 | Orc:1    | Killed Nergalle
 36087 | Orc:1    | Found Onkofil's Magic Scroll Shop.
 36093 | Orc:1    | Bought a scroll of blinking for 127 gold pieces
 36093 | Orc:1    | Bought a scroll of summoning for 161 gold pieces
 36257 | Orc:2    | Entered Level 2 of the Orcish Mines
 37551 | Orc:2    | Reached skill level 5 in Shields
 37570 | Orc:2    | Reached skill level 15 in Earth Magic
 37820 | Orc:2    | Found Janixzas's Book Shoppe.
 37820 | Orc:2    | Found Assezer's Weapon Boutique.
 37825 | Orc:2    | Bought a book of the Earth for 468 gold pieces
 37825 | Orc:2    | Bought a Young Poisoner's Handbook for 260 gold pieces
 37830 | Orc:2    | Learned a level 4 spell: Olgreb's Toxic Radiance
 37837 | Orc:2    | Learned a level 6 spell: Statue Form
 38090 | Orc:2    | Found Duloasai's Book Shoppe.
 38090 | Orc:2    | Found Anor's Armour Boutique.
 38249 | Orc:2    | Found a staircase to the Elven Halls.
 38743 | D:14     | Noticed Azrael
 38749 | D:14     | Killed Azrael
 39017 | D:14     | Found a glowing golden altar of the Shining One.
 39173 | D:15     | Entered Level 15 of the Dungeon
 39626 | D:15     | Noticed Roxanne
 39631 | D:15     | Killed Roxanne
 39818 | D:15     | Noticed Jorgrun
 39823 | D:15     | Killed Jorgrun
 40609 | D:15     | Found a staircase to the Depths.
 40894 | D:15     | Reached skill level 5 in Short Blades
 41442 | Snake:1  | Entered Level 1 of the Snake Pit
 42025 | Snake:1  | Offered knowledge of Flame Wave by Vehumet.
 42026 | Snake:1  | Reached skill level 18 in Spellcasting
 42176 | Shoals:1 | Entered Level 1 of the Shoals
 44034 | Shoals:2 | Reached XP level 16. HP: 92/92 MP: 24/40
 44872 | Shoals:2 | Noticed Ilsuiw
 44879 | Shoals:2 | Killed Ilsuiw
 46031 | Shoals:3 | Reached skill level 10 in Dodging
 46081 | Shoals:3 | Learned a level 8 spell: Lehudib's Crystal Spear
 46495 | Shoals:4 | Entered Level 4 of the Shoals
 46692 | Shoals:4 | Reached skill level 5 in Evocations
 46945 | Shoals:4 | Found a blossoming altar of Fedhas.
 47447 | Shoals:4 | Learned a level 4 spell: Dispel Undead
 47456 | Shoals:4 | Reached ****** piety under Vehumet
 47627 | Shoals:4 | Noticed a titan
 47633 | Shoals:4 | Killed a titan
 47640 | Shoals:4 | Reached skill level 5 in Necromancy
 47669 | Shoals:4 | Paralysed by an air elemental for 1 turns
 47673 | Shoals:4 | Paralysed by an air elemental for 1 turns
 47829 | Shoals:4 | Acquired 881 gold pieces
 47841 | Shoals:4 | Offered knowledge of Conjure Ball Lightning by Vehumet.
 48529 | Shoals:4 | Found a blossoming altar of Fedhas.
 48708 | Shoals:4 | Learned a level 3 spell: Swiftness
 48920 | Shoals:4 | Reached XP level 17. HP: 70/99 MP: 33/41
 49135 | Shoals:4 | Identified the +2 quarterstaff of Foferiukk {holy, rN+}
 49137 | Shoals:4 | Identified the staff of fire "Vegry" {rF+ Int+3}
 49138 | Shoals:4 | Identified the staff of death "Nenor" {rPois rN+ Int+2}
 49141 | Shoals:4 | Got a barnacled rune of Zot
 49509 | Vaults:1 | Entered Level 1 of the Vaults
 50794 | Vaults:1 | Reached skill level 10 in Fighting
 52397 | Vaults:1 | You fall into a shaft and drop 1 floor!
 52525 | Vaults:2 | Noticed Asterion
 52578 | Vaults:2 | Killed Asterion
 52579 | Vaults:2 | Reached skill level 5 in Poison Magic
 52580 | Vaults:2 | Offered knowledge of Eringya's Noxious Bog by Vehumet.
 52581 | Vaults:2 | Mangled by a vault warden

Illustrated notes

Levels and vault maps discovered:
D:1:      pf_arrival_petrified_forest, layout_rooms,
          shapermc_ecumenical_altar_flowoftime, nicolae_hexahallways
D:2:      layout_loops_ring, serial_shops, shop, minmay_stone_trees_small
D:3:      minmay_razor_zed, layout_basic, mainiacjoe_overflow_alcove_1,
          uniq_crazy_yiuf_cottage, uniq_natasha
D:4:      layout_cave_pools, nicolae_hepliaklqana_hazy_memory,
          general_overflow_altar, mainiacjoe_overflow_concentric_impassable,
          hangedman_abyss_or_decor_stagger
D:5:      layout_basic, nicolae_ossuary_entry_giza, uniq_edmund
D:6:      layout_rooms, biasface_ghost_orc_armoury
D:7:      cheibrodos_steamvent, layout_loops_ring,
          lemuel_zombie_altar_yredelemnul, chequers_garden, uniq_pikel
D:8:      layout_basic, mainiacjoe_overflow_brackets, serial_glass,
          glass_columns_b, glass_columns_a, item_on_display_a,
          minmay_strange_pillars, item_on_display_a, minmay_strange_pillars
D:9:      layout_basic, kennysheep_orc_monster_closet_entryway
D:10:     layout_loops_ring, lemuel_round_altar, vehumet_statue,
          mainiacjoe_overflow_surrounded_room
D:11:     layout_stronghold, minmay_circle_x
D:12:     layout_loops_ring, serial_shops, shop, nicolae_ru_awakened_eye
D:13:     layout_basic, gauntlet_entry_generic, serial_shops,
          nicolae_shop_peninsula
D:14:     layout_long_grid, erik_vaults_2, serial_shops, shop,
          ebering_dispersal_statue_hall, tso_oasis_becter, uniq_azrael,
          uniq_rupert
D:15:     gammafunk_depths_entry_grave, layout_stronghold, uniq_jorgrun,
          uniq_roxanne
Temple:   nicolae_temple_figure_eight
Lair:1:   lemuel_slime, layout_gridlike, grunt_megastairs_5
Lair:2:   layout_chaotic_city, elwin_shoals_entry_rocks,
          hellmonk_ghost_happy_afterlife, portal_ice_cave_entry_pillars_1,
          nicolae_volcano_entry_hallway
Lair:3:   layout_chaotic_city, minmay_snake_entry_six_corridors,
          lemuel_fruit_fields, uniq_snorg
Lair:4:   layout_cave_pods, beast_lair_carwin_4, serial_bayou_shore_b,
          infiniplex_staircase_pool_2
Lair:5:   hellmonk_lair_end_abyssal_woods, layout_small_grid,
          nicolae_slime_entry_field_trip, minmay_lair_oklob_bushes,
          lemuel_fruit_fields
Shoals:1: layout_shoals
Shoals:2: layout_shoals, uniq_ilsuiw
Shoals:3: layout_shoals
Shoals:4: shoals_end_hellmonk_storm_palace [storm_palace_center_square,
          storm_palace_corner_altar, storm_palace_corner_narrow,
          storm_palace_corner_narrow, storm_palace_corner_altar]
Snake:1:  layout_layer_cave
Orc:1:    layout_caves, serial_shops, nicolae_shop_pleasant_corner_grove,
          uniq_nergalle
Orc:2:    st_orc_town, layout_diamond_mine
Vaults:1: nicolae_vaults_good_morning_starshine, nicolae_vaults_stepped_doors,
          vaults_room_fancy_cross, hangedman_vaults_stream,
          nicolae_vaults_theta, grunt_vaults_funnel, layout_vaults_omnigrid,
          uniq_zenata
Vaults:2: hangedman_vaults_cutoff, st_cells, hangedman_vaults_hat,
          vaults_room_pool, nicolae_vaults_layer_cake_slice,
          nicolae_vaults_house_1, nicolae_vaults_trapezoid_2,
          nicolae_vaults_three_branches, v_pattern_1, grunt_vaults_hallway_long,
          layout_vaults_omnicross, uniq_asterion, uniq_frederick

Skill      XL: |  1  2  3  4  5  6  7  8  9 10 11 12 13 14 15 16 17 |
---------------+----------------------------------------------------+-----
Fighting       | 1 2 3 4 6 7 8 11 | 11.1
Conjurations   | 1 2 3 5 6 7 9 10 12 14 15 16 | 16.4
Spellcasting   | 4 5 6 8 10 11 12 13 15 17 18 | 18.9
Earth Magic    | 4 5 6 8 9 11 13 14 15 | 15.5
Evocations     | 2 4 5 |  5.6
Dodging        | 3 5 7 10 | 10.8
Short Blades   | 3 5 |  5.4
Transmutations | 4 5 6 |  6.8
Air Magic      | 2 4 |  4.0
Poison Magic   | 3 5 |  5.2
Shields        | 3 5 |  5.0
Stealth        | 4 |  4.6
Necromancy     | 8 |  8.0

Action                     |  1- 3 |  4- 6 |  7- 9 | 10-12 | 13-15 | 16-18 || total
---------------------------+-------+-------+-------+-------+-------+-------++-------
  Melee: Short sword       |       |     8 |    33 |   132 |   156 |       ||   329
         Punch             |       |       |       |     1 |     3 |       ||     4
         Rapier            |       |       |       |       |   111 |    34 ||   145
   Cast: Sandblast         |    55 |    78 |    19 |    20 |    54 |       ||   226
         Stone Arrow       |       |     2 |   126 |   174 |    86 |    13 ||   401
         Poisonous Vapours |       |       |       |    50 |   120 |    90 ||   260
         Ignite Poison     |       |       |       |    22 |    85 |    76 ||   183
         Irradiate         |       |       |       |    10 |    11 |    12 ||    33
         Iron Shot         |       |       |       |    31 |   326 |   105 ||   462
         Mephitic Cloud    |       |       |       |       |    29 |     1 ||    30
         Olgreb's Toxic Ra |       |       |       |       |    11 |    36 ||    47
         Statue Form       |       |       |       |       |     3 |     1 ||     4
         Lehudib's Crystal |       |       |       |       |       |    26 ||    26
         Swiftness         |       |       |       |       |       |     2 ||     2
  Evoke: Wand              |       |       |     8 |    24 |    13 |    16 ||    61
    Use: Scroll            |     4 |    15 |     4 |    12 |    14 |    12 ||    61
         Potion            |       |       |       |    14 |     3 |     9 ||    26
   Stab: Sleeping          |       |     1 |       |       |     2 |       ||     3
         Distracted        |       |       |     1 |       |       |       ||     1
 Armour: Robe              |       |     5 |    31 |   114 |   189 |    67 ||   406
         Skin              |       |       |       |       |    41 |    19 ||    60
  Dodge: Dodged            |     4 |    33 |    45 |   167 |   331 |   162 ||   742
  Block: Buckler           |       |       |       |       |    59 |    59 ||   118
